 Dungeon Sprint DCSS version 0.29-a0-119-g4040846114 (webtiles) character file.

Game seed: 10065810923360286188

25 mhtbhm the Firebug (level 2, 0/15 HPs)
             Began as a Deep Elf Fire Elementalist on Feb 19, 2022.
             Was a Believer of Vehumet.
             Slain by a scorpion (8 damage)
             ... in the Dungeon (Sprint VII: "The Pits").
             The game lasted 00:01:38 (454 turns).

mhtbhm the Firebug (Deep Elf Fire Elementalist)      Turns: 454, Time: 00:01:38

Health: 0/15       AC:  2    Str:  5    XL:     2   Next: 86%
Magic:  3/9        EV: 13    Int: 19    God:    Vehumet [**....]
Gold:   0          SH:  0    Dex: 15    Spells: 7/10 levels left

rFire   . . .      SeeInvis .   k - +2 quarterstaff (protect)
rCold   . . .      Faith    .   (shield currently unavailable)
rNeg    . . .      Spirit   .   a - +0 robe
rPois   .          Reflect  .   (no helmet)
rElec   .          Harm     .   (no cloak)
rCorr   .          Rampage  .   (no gloves)
Will    .....      NoTele   +   (no boots)
Stlth   ++........              (no amulet)
HPRegen 0.05/turn               (no ring)
MPRegen 0.11/turn               (no ring)

@: no status effects
A: no striking features
a: Renounce Religion


You were in the Dungeon.
You worshipped Vehumet.
Vehumet was pleased with you.
You visited 1 branch

Inventory:

Hand Weapons
 k - a +2 quarterstaff of protection (weapon)
Armour
 a - a +0 robe (worn)
Scrolls
 g - a scroll of blinking
 i - 5 scrolls of amnesia
 j - a scroll of summoning
Potions
 b - 6 potions of curing
 c - 6 potions of heal wounds
 d - a potion of haste
 e - 4 potions of magic
 f - 3 potions of berserk rage
 h - 2 potions of invisibility


   Skills:
 + Level 3.3 Dodging
 + Level 3.2 Stealth
 + Level 4.6 Spellcasting
 + Level 1.4 Conjurations
 + Level 5.6 Fire Magic


You had 7 spell levels left.
You knew the following spells:

 Your Spells              Type           Power      Damage    Failure   Level
a - Foxfire               Conj/Fire      72%        2x1d7     3%          1
b - Scorch                Fire           52%        2d7       1%          2

Your spell library contained the following spells:

 Spells                   Type           Power      Damage    Failure   Level
 Freeze                   Ice            16%        1d4       13%         1
 Conjure Flame            Conj/Fire      18%        6-21      9%          3
 Inner Flame              Hex/Fire       15%        N/A       12%         3
 Flame Wave               Conj/Fire      18%        2d6       30%         4


Dungeon Overview and Level Annotations

Branches:
Dungeon (1/1)

Altars:
Ashenzari
Cheibriados
Dithmenos
Elyvilon
Fedhas
Gozag
Hepliaklqana
Kikubaaqudgha
Makhleb
Nemelex Xobeh
Okawaru
Qazlal
Ru
Sif Muna
Trog
Uskayaw
Vehumet
Wu Jian
Xom
Yredelemnul
Zin
The Shining One
Beogh
Jiyva
Lugonu


Message History

Things that are here:
a +0 club; 4 stones
There is an open door here.
You open the door.
There is an open door here.
You open the door. 2 gnolls come into view.
The gnoll shouts! x2; You hear a shout! x2; You hear a howl!
A water moccasin comes into view.
An ogre comes into view. It is wielding a +0 giant club.
The gnoll moves out of view.
Unknown command.
The ogre shouts!
A scorpion comes into view.
There is an open door here.
You close the door.
Okay, then.
You open the door. The scorpion completely misses you.
Unknown command.
Casting: Foxfire (safe; 3% risk of failure)
Confirm with . or Enter, or press ? or * to list all spells.
Flames lash the scorpion.
The scorpion is moderately wounded.
The scorpion's fire resistance burns away.
The scorpion stings you!
Unknown command.
Casting: Scorch (safe; 1% risk of failure)
Confirm with . or Enter, or press ? or * to list all spells.
Flames lash the ogre.
The ogre is heavily wounded.
The ogre's fire resistance burns away.
The scorpion closely misses you.
Unknown command.
Unknown command.
Casting: Scorch (safe; 1% risk of failure)
Confirm with . or Enter, or press ? or * to list all spells.
Flames lash the ogre.
The ogre is burned terribly!
The ogre is severely wounded.
The scorpion stings you!
Ouch! That really hurt!
You die...

############
#_________.#
#_________.#
#_______...#######
##########'##.....
#.?(.')))'.##.....
##########.##.....
#@..........÷÷....
#s#####'#####.....
#O#...#.#[[##.....
#g#...#.#))#####'#
#g#..÷).#))##.....
#.##)####))##.....
#.#..†..#..##.....
#.#.....#'###...<.
#.#........##.....


You could see an ogre (combustible), a scorpion (combustible) and 2 gnolls.

Vanquished Creatures
  An adder (D)
  A river rat (D)
  An orc (D)
  A bat (D)
  An endoplasm (D)
  A ball python (D)
  A jackal zombie (D)
  2 kobolds (D)
9 creatures vanquished.

Vanquished Creatures (others)
  13 foxfires (D)
13 creatures vanquished.

Grand Total: 22 creatures vanquished

Notes
Turn   | Place    | Note
-------+----------+-------------------------------------------
     0 | D        | mhtbhm the Deep Elf Fire Elementalist began the quest for
                  | the Orb.
     0 | D        | Reached XP level 1. HP: 10/10 MP: 6/6
    19 | D        | Reached skill level 4 in Fire Magic
    19 | D        | Reached XP level 2. HP: 15/15 MP: 4/8
    29 | D        | Found a bloodstained altar of Trog.
    29 | D        | Found a shimmering blue altar of Sif Muna.
    29 | D        | Found a viscous altar of Jiyva.
    29 | D        | Found a hazy altar of Hepliaklqana.
    29 | D        | Found an opulent altar of Gozag.
    30 | D        | Found a glowing golden altar of the Shining One.
    30 | D        | Found a glowing silver altar of Zin.
    30 | D        | Found a basalt altar of Yredelemnul.
    30 | D        | Found a shimmering altar of Xom.
    30 | D        | Found an ornate altar of the Wu Jian Council.
    30 | D        | Found a sacrificial altar of Ru.
    30 | D        | Found a stormy altar of Qazlal.
    30 | D        | Found an iron altar of Okawaru.
    30 | D        | Found a sparkling altar of Nemelex Xobeh.
    30 | D        | Found a burning altar of Makhleb.
    30 | D        | Found a blossoming altar of Fedhas.
    30 | D        | Found a white marble altar of Elyvilon.
    30 | D        | Found a shadowy altar of Dithmenos.
    30 | D        | Found a snail-covered altar of Cheibriados.
    33 | D        | Found a corrupted altar of Lugonu.
    33 | D        | Found a radiant altar of Vehumet.
    34 | D        | Found an ancient bone altar of Kikubaaqudgha.
    34 | D        | Found a hide-covered altar of Uskayaw.
    34 | D        | Found a broken altar of Ashenzari.
    42 | D        | Became a worshipper of Vehumet
    47 | D        | Learned a level 2 spell: Scorch
   191 | D        | Reached * piety under Vehumet
   191 | D        | Offered knowledge of Freeze by Vehumet.
   193 | D        | Reached skill level 5 in Fire Magic
   263 | D        | Reached ** piety under Vehumet
   440 | D        | Noticed a water moccasin
   440 | D        | Noticed an ogre
   441 | D        | Noticed a scorpion
   454 | D        | Slain by a scorpion

Illustrated notes

Levels and vault maps discovered:
D:        pitsprint [storerooms_1, entrance_room_1, metal_vault_2, armoury_3,
          mini_pit_1, grid_room_1, main_hall_1, silver_pit, the_coven_1,
          the_vestibule_1, steel_vault_5, golden_pit, hallway_of_sentries,
          crystal_vault_1, iron_vault_2, final_vault]

Skill      XL: |  1  2 |
---------------+-------+-----
Dodging        | 3 |  3.3
Fire Magic     | 4 5 |  5.6
Stealth        | 3 |  3.2
Spellcasting   | 4 |  4.6
Conjurations   | |  1.4

Action                   || total
-------------------------++-------
 Cast: Foxfire           ||     8
       Scorch            ||     9
Dodge: Dodged            ||     5

Table legend: (Time is in decaauts)
 A = Elapsed time spent in this place.
 B = Non-inter-level travel time spent in this place.
 C = Inter-level travel time spent in this place.
 D = Time resting spent in this place.
 E = Time spent auto-exploring this place.
 F = Levels seen in this place.
 G = Mean time per level.
                   A        B        C        D        E       F      G
               +--------+--------+--------+--------+--------+-----+--------+
         Total |    453 |    453 |      0 |    254 |     28 |   1 |  453.0 |
       Dungeon |    453 |    453 |      0 |    254 |     28 |   1 |  453.0 |
               +--------+--------+--------+--------+--------+-----+--------+

Top non-repeatable levels by time:
       D: 453 daAuts
